cohdb
Replays
Latest Replays
All Replays
Popular Replays
Top Player Replays
Match Explorer
How It Works
Community
CoH3 Stats
Reddit
Sign in to upload your games and track your stats! →
Sign in with Steam
Match 43394037
Unlisted
Match 43394037
Overview
Messages
Build Orders
End
Scout Squad
Construct Barracks
Selects Armored Battlegroup
1⁄4-ton 4x4 Truck
Selects Veteran Crews
Riflemen Squad
Riflemen Squad
Engineer Squad
Infantry Support Center
Riflemen Squad
Grenade Package
Selects Fast Deploy
Construct Medical Station
Construct Motor Pool
M8 Greyhound Armored Car
M1 Mortar Team
Selects M31 Recovery Vehicle
M1 Anti-tank Gun Team
Advanced Logistics
M1918 Browning Automatic Rifles
Riflemen Squad
Selects Seek and Destroy
Selects M4A3E8 Sherman Combat Group
M4A3E8 Sherman Combat Group
Selects War Machine
M8 Greyhound Armored Car
M1 Anti-tank Gun Team
Scout Squad
Riflemen Squad
M8 Greyhound Armored Car
M4A3E8 Sherman Combat Group
M1 Anti-tank Gun Team
M31 Recovery Vehicle
Scout Squad
M1 Mortar Team
woof_raff
ibraheem.Alpha (A.AX)
0
0
Comments
sign in to comment!
No comments posted yet!